 Dungeon Crawl Stone Soup version 0.30-a0-469-g84de5afbc5 (webtiles) character file.

Game seed: 11272082852968140778

129126 billz999 the Spear-Bearer (level 16, -3/126 HPs)
             Began as an Armataur Warper on Dec 18, 2022.
             Was a High Priest of Hepliaklqana.
             Shot with a bolt by a naga sharpshooter (24 damage)
             ... on level 2 of the Snake Pit on Dec 20, 2022.
             The game lasted 02:16:34 (37825 turns).

billz999 the Spear-Bearer (Armataur Warper)        Turns: 37825, Time: 02:16:35

Health: -3/126     AC:  9    Str: 26    XL:     16   Next: 50%
Magic:  11/30      EV: 10    Int: 21    God:    Hepliaklqana [*****.]
Gold:   1351       SH:  0    Dex: 13    Spells: 5/35 levels left

rFire   + . .      SeeInvis .    R - +10 glaive of Autumn {vorpal, rF+ Str+2}
rCold   + + .      Faith    .    (shield currently unavailable)
rNeg    + . .      Spirit   .    J - +1 robe "Zustus" {Dex+4 Archmagi}
rPois   +          Reflect  .    v - +0 helmet
rElec   .          Harm     +    x - +0 cloak
rCorr   .          Roll     +    Y - +1 pair of gloves of Privacy {Harm rC++ rN+}
Will    +....      Archmagi +    (no barding)
Stlth   ++........               E - amulet of magic regeneration
HPRegen 0.41/turn                S - ring of poison resistance
MPRegen 0.62/turn                t - +6 ring of strength

@: lethally poisoned (-3 -> -11)
A: reduced essence, large, rugged brown scales 3, deformed body, armoured tail,
roll, long tongue, awkward tongue
a: Renounce Religion, Recall Ancestor, Ancestor Identity, Transference, Idealise


You were on level 2 of the Snake Pit.
You worshipped Hepliaklqana.
Hepliaklqana was extremely pleased with you.
You visited 6 branches of the dungeon, and saw 28 of its levels.
You also visited: Volcano.

You collected 3273 gold pieces.
You spent 1922 gold pieces at shops.

Inventory:

Hand Weapons
 b - a +8 bardiche of venom
 F - the +7 quarterstaff of the Forest {vorpal, Will+ rCorr Str+5}
   (You found it on level 5 of the Lair of Beasts)

   It inflicts extra damage upon your enemies.
   Str:       It affects your strength (+5).
   rCorr:     It protects you from acid and corrosion.
   Will:      It increases your willpower.
 R - the +10 glaive of Autumn (weapon) {vorpal, rF+ Str+2}
   (You bought it in a shop on level 2 of the Orcish Mines)

   It inflicts extra damage upon your enemies.
   Str:       It affects your strength (+2).
   rF:        It protects you from fire.
Missiles
 d - 9 boomerangs of dispersal (quivered)
 K - a throwing net
Armour
 v - a +0 helmet (worn)
 x - a +0 cloak (worn)
 J - the +1 robe "Zustus" (worn) {Dex+4 Archmagi}
   (You took it off a gnoll on level 12 of the Dungeon)

   Dex:       It affects your dexterity (+4).
   Archmagi:  It increases the power of your magical spells.
 Y - the +1 pair of gloves of Privacy (worn) {Harm rC++ rN+}
   (You found it on level 3 of the Swamp)

   rC:        It greatly protects you from cold.
   rN:        It protects you from negative energy.
   Harm:      It increases damage dealt and taken.
Jewellery
 n - a +6 ring of intelligence
 s - a ring of protection from fire
 t - a +6 ring of strength (right hand)
 A - a +6 ring of strength
 E - an amulet of magic regeneration (around neck)
 I - a ring of willpower
 P - a ring of magical power
 S - a ring of poison resistance (left hand)
 T - a ring of positive energy
Wands
 C - a wand of digging (9)
 D - a wand of iceblast (12)
 G - a wand of flame (48)
 O - a wand of polymorph (9)
 W - a wand of mindburst (4)
 X - a wand of paralysis (7)
Scrolls
 a - 2 scrolls of amnesia
 c - 7 scrolls of blinking
 k - 4 scrolls of fear
 l - a scroll of torment
 m - 6 scrolls of poison
 q - 2 scrolls of magic mapping {unknown}
 w - 3 scrolls of enchant armour
 y - 9 scrolls of teleportation
 H - 7 scrolls of noise
 L - 2 scrolls of summoning
 M - 4 scrolls of enchant weapon
 Q - 3 scrolls of vulnerability
 U - a scroll of brand weapon {unknown}
 V - 8 scrolls of identify
 Z - 2 scrolls of fog
Potions
 e - 7 potions of mutation
 f - 4 potions of cancellation
 g - 5 potions of attraction
 h - 7 potions of brilliance
 i - 12 potions of curing
 j - a potion of invisibility
 o - 6 potions of flight
 p - 2 potions of resistance
 r - 2 potions of heal wounds
 u - 3 potions of might
 z - 2 potions of ambrosia
 B - 2 potions of lignification
 N - 4 potions of haste


   Skills:
 - Level 8.9 Fighting
 * Level 13.2(13.3) Polearms
 - Level 3.2(9.8) Staves
 - Level 0.8 Throwing
 - Level 4.0 Armour
 - Level 2.0 Dodging
 - Level 1.9 Stealth
 - Level 10.0 Spellcasting
 - Level 11.5 Conjurations
 - Level 7.0 Translocations
 - Level 4.0 Transmutations
 - Level 12.0 Fire Magic
 - Level 7.2 Air Magic
 - Level 2.2 Poison Magic
 - Level 2.0 Invocations


You had 5 spell levels left.
You knew the following spells:

 Your Spells              Type           Power      Damage    Failure   Level
a - Blink                 Tloc           100%       N/A       1%          2
b - Poisonous Vapours     Pois/Air       90%        N/A       1%          2
c - Vhi's Electric Charg  Tloc/Air       100%       N/A       1%          3
d - Mephitic Cloud        Conj/Pois/Air  56%        N/A       1%          3
e - Manifold Assault      Tloc           56%        N/A       3%          4
f - Fireball              Conj/Fire      37%        3d15      1%          5
g - Starburst             Conj/Fire      37%        6d11      8%          6
h - Irradiate             Conj/Tmut      29%        3d21      8%          5

Your spell library contained the following spells:

 Spells                   Type           Power      Damage    Failure   Level
 Apportation              Tloc           100%       N/A       1%          1
 Beastly Appendage        Tmut           80%        N/A       1%          1
 Foxfire                  Conj/Fire      100%       2x1d9     1%          1
 Wereblood                Tmut           40%        N/A       1%          2
 Lesser Beckoning         Tloc           100%       N/A       1%          3
 Teleport Other           Tloc           56%        N/A       1%          3
 Iskenderun's Battlesphe  Conj           73%        2d12      1%          5
 Cigotuvi's Dreadful Rot  Necr/Pois/Air  70%        N/A       2%          2
 Spider Form              Tmut/Pois      35%        N/A       5%          3
 Necrotise                Necr           60%        1d7       6%          1
 Slow                     Hex            60%        N/A       6%          1
 Summon Small Mammal      Summ           60%        N/A       6%          1
 Ensorcelled Hibernation  Hex/Ice        30%        N/A       10%         2
 Sublimation of Blood     Necr           15%        N/A       10%         2
 Call Canine Familiar     Summ           15%        N/A       19%         3
 Confusing Touch          Hex            15%        N/A       19%         3
 Ozocubu's Armour         Ice            15%        N/A       19%         3
 Summon Guardian Golem    Hex/Summ       15%        N/A       19%         3
 Vampiric Draining        Necr           15%        2d7       19%         3
 Petrify                  Tmut/Erth      28%        N/A       28%         4
 Alistair's Intoxication  Tmut/Pois      23%        N/A       45%         5
 Anguish                  Hex/Necr       7%         N/A       54%         4
 Animate Dead             Necr           15%        N/A       54%         4
 Leda's Liquefaction      Hex/Erth       7%         N/A       54%         4
 Borgnjor's Vile Clutch   Necr/Erth      7%         N/A       87%         5
 Lee's Rapid Deconstruct  Erth           7%         3d7*      87%         5
 Conjure Ball Lightning   Conj/Air       33%        3x3d12    22%         6
 Orb of Destruction       Conj           36%        9d11      43%         7
 Dispersal                Tloc           28%        N/A       50%         6
 Iron Shot                Conj/Erth      25%        9d5       67%         6
 Eringya's Noxious Bog    Tmut/Pois      17%        N/A       95%         6
 Statue Form              Tmut/Erth      18%        N/A       99%         6
 Spellforged Servitor     Conj/Summ      25%        N/A       99%         7
 Haunt                    Necr/Summ      7%         N/A       100%        7
 Ozocubu's Refrigeration  Ice            7%         4d9       100%        7
 Disjunction              Tloc           28%        N/A       100%        8
 Infestation              Necr           7%         N/A       100%        8


Dungeon Overview and Level Annotations

Branches:
Dungeon (15/15)            Temple (1/1) D:5            Lair (5/5) D:9
  Swamp (3/4) Lair:3        Snake (1/4) Lair:2        Slime (0/5) Lair:4
    Orc (2/2) D:10            Elf (0/3) Orc:2        Vaults (0/5) D:14
 Depths (0/4) D:15        Volcano (visited)

Altars:
Ashenzari
Cheibriados
Elyvilon
Hepliaklqana
Kikubaaqudgha
Makhleb
Nemelex Xobeh
Ru
Sif Muna
Trog
Wu Jian
The Shining One
Jiyva

Shops:
D:5 ((*!?   D:10 *   Orc:2 (([:?=((**

Annotations:
D:7 2 transporters
D:12 3 runed translucent doors, p00ps00p's ghost, journeyman HOFi
Lair:1 1 runed translucent door, Rijiq's ghost, journeyman GrEE
Lair:3 3 runed translucent doors, themarg's ghost, journeyman DrCj


Innate Abilities, Weirdness & Mutations

Your life essence is reduced to manifest your ancestor. (-10% HP)
You are completely covered in rugged brown scales. (AC +3, +7% HP)
Armour fits poorly on your strangely shaped body.
You have a long armoured tail.
You roll when moving toward enemies. (Rampage)
Your long tongue fully drains potion bottles. (2x potion effects)
Your tongue gives you trouble enunciating. (1.5x scroll delay)


Message History

Unknown command.
Casting: Fireball (mildly dangerous; 1% risk of failure)
Confirm with . or Enter, or press ? or * to list all spells.
Casting: Starburst (dangerous; 8% risk of failure)
Press: ? - help, Dir - look around, f - activate You feel a surge of power!
Laslo avoids your attack.
The bolt of fire misses the guardian serpent.
The bolt of fire hits the naga!!!
You kill the naga!
The bolt of fire hits the naga!!!
You kill the naga!
The bolt of fire hits the naga warrior!!
The naga warrior is heavily wounded.
You feel very sick.
The naga sharpshooter casts a spell.
The naga sharpshooter magically shoots a bolt.
The bolt hits you!!
* * * LOW HITPOINT WARNING * * *
Laslo hits the guardian serpent with a +0 broad axe of flaming!!
Laslo burns the guardian serpent.
A mana viper comes into view.
Unknown command.
Casting: Starburst (dangerous; 8% risk of failure)
Confirm with . or Enter, or press ? or * to list all spells.
Casting: Starburst (dangerous; 8% risk of failure)
Press: ? - help, Dir - look around, f - activate You feel a surge of power!
The bolt of fire hits the naga warrior!!
The naga warrior is almost dead.
Laslo avoids your attack.
The bolt of fire misses the guardian serpent.
The bolt of fire hits the naga warrior!!
The naga warrior is heavily wounded.
You feel very sick. The guardian serpent hits you!
* * * LOW HITPOINT WARNING * * *
The naga sharpshooter mumbles some strange words.
The naga sharpshooter magically shoots a bolt.
The bolt hits you!!
You die...

################
..N.............
....N...........
.......R........
#..NS@))).....
######N.N.....
##.......
N...... ...N...
.S..... ..#####
...


You could see the friendly Laslo the knight (idealised), 4 naga warriors, 2 naga
sharpshooters, a mana viper, a guardian serpent (ally target) and a naga mage.

Vanquished Creatures
  Rupert (D:14)
  Louise (D:14)
  2 eleionomae
  A dire elephant (Lair:5)
  2 bunyips
  Snorg (D:13)
  An ettin (D:15)
  4 vault guards (D:14)
  Fannar (Lair:3)
  7 hydras
  A catoblepas (D:15)
  A death knight (D:15)
  2 ghost crabs
  A boulder beetle (D:12)
  An anaconda (Snake:1)
  2 two-headed ogres
  6 centaur warriors
  5 death yaks
  4 alligators (Swamp:3)
  3 tengu warriors
  Urug (Lair:5)
  A naga warrior (Snake:1)
  A shock serpent (Snake:1)
  3 naga sharpshooters (Snake:1)
  A hell knight (D:15)
  Amaemon (Lair:1)
  Sonja (Lair:4)
  A spectral death yak (Lair:5)
  3 skeletal warriors
  Lodul (D:14)
  A goliath frog (Swamp:2)
  2 spriggan druids
  2 swamp dragons
  2 bog bodies
  A spectral anaconda (Lair:5)
  An obsidian statue (Lair:5)
  A naga ritualist (Snake:1)
  A lindwurm (Lair:4)
  4 deep elf pyromancers
  5 necromancers
  A mana viper (Snake:1)
  3 orc knights
  2 will-o-the-wisps (Swamp:2)
  An orc sorcerer (Orc:2)
  2 manticores (D:14)
  A salamander (Snake:1)
  10 ugly things
  3 cyclopes
  3 elephants (Lair:5)
  10 black mambas
  4 naga magi (Snake:1)
  A molten gargoyle (Lair:1)
  A gargoyle (D:13)
  An unseen horror (D:10)
  An orange demon (Lair:1)
  8 cane toads
  A dire elephant skeleton (Lair:5)
  A kobold demonologist (D:12)
  A komodo dragon (Lair:5)
  3 freezing wraiths (D:15)
  Maggie (D:7)
  A tengu conjurer (D:15)
  2 rime drakes
  A burning bush (Lair:2)
  A wolf spider simulacrum (D:15)
  A bloated husk (Swamp:1)
  3 meliai (D:14)
  4 trolls
  3 hornets
  10 tyrant leeches
  12 slime creatures
  Grinder (D:5)
  A polar bear (Lair:3)
  7 blink frogs
  A spectral elephant (Lair:5)
  2 dream sheep (D:9)
  A centaur simulacrum (D:14)
  4 spriggans
  A vampire (D:11)
  3 wraiths
  A shadow (D:12)
  5 fire elementals
  A water elemental (D:11)
  42 yaks
  10 vampire mosquitoes
  A spectral cane toad (Lair:5)
  3 wargs
  An acid dragon (D:9)
  Edmund (D:5)
  11 nagas
  11 swamp worms
  Duvessa (D:7)
  11 water moccasins
  3 black bears
  A swamp drake (Swamp:1)
  An ice beast (D:7)
  31 orc warriors
  A sky beast (D:7)
  8 ogres
  3 wolves (Lair:2)
  2 phantoms
  16 centaurs
  3 kobold brigands (D:12)
  4 gnoll sergeants
  12 bullfrogs
  4 necrophages
  2 cane toad simulacra (Lair:5)
  10 wights
  Dowan (D:7)
  13 killer bees
  An elephant simulacrum (Lair:5)
  6 howler monkeys
  6 electric eels
  4 hounds
  6 jellies (Lair:2)
  2 gnoll boudas (D:9)
  16 orc priests
  An ancestor (Lair:1)
  An iguana (D:5)
  13 orc wizards
  4 adders
  23 gnolls
  A shadow imp (D:5)
  2 white imps
  2 worms (D:2)
  4 dart slugs
  59 orcs
  21 endoplasms
  5 giant cockroaches
  3 goblins
  6 hobgoblins
  12 kobolds
  3 quokkas (D:3)
  7 ball pythons
  7 bats
  9 frilled lizards
  6 rats
643 creatures vanquished.

Vanquished Creatures (collateral kills)
  A dire elephant (Lair:5)
  Azrael (D:13)
  A bunyip (Swamp:2)
  Erolcha (D:11)
  4 hydras
  2 two-headed ogres
  A centaur warrior (D:13)
  2 death yaks (Lair:5)
  A naga warrior (Snake:1)
  A spriggan (Swamp:3)
  A skeletal warrior (D:13)
  A bog body (Swamp:1)
  4 ugly things
  An orc knight (Orc:2)
  A cyclops (D:15)
  A manticore (D:14)
  3 elephants (Lair:5)
  4 black mambas
  3 cane toads
  An unseen horror (D:10)
  2 komodo dragons
  A kobold demonologist (D:14)
  A rime drake (Lair:5)
  A burning bush (Lair:2)
  3 trolls
  2 hornets
  Prince Ribbit (D:6)
  2 slime creatures (D:14)
  A dream sheep (D:9)
  3 blink frogs
  2 vampires
  2 wraiths
  A fire elemental (D:13)
  18 yaks
  2 vampire mosquitoes
  A steam dragon (D:10)
  A death yak simulacrum (Lair:5)
  A spectral cane toad (Lair:5)
  2 wargs (Orc:1)
  4 nagas
  3 swamp worms (Lair:3)
  A water moccasin (Lair:3)
  2 hell hounds
  11 orc warriors
  2 ogres
  An elephant zombie (Lair:5)
  3 wolves (Lair:2)
  2 elephant skeletons (Lair:5)
  6 centaurs
  A necrophage (D:7)
  2 gnoll sergeants
  2 bullfrogs
  3 wights (D:10)
  2 killer bees (D:9)
  3 howler monkeys
  A jelly (D:7)
  7 orc wizards
  8 gnolls
  A white imp (D:7)
  14 orcs
  An endoplasm (Lair:2)
162 creatures vanquished.

Vanquished Creatures (others)
  4 knights
  14 ancestors
  A bush (Lair:3)
  2 foxfires (Swamp:2)
  38 fungi
  51 plants
  24 withered plants (Lair:5)
134 creatures vanquished.

Grand Total: 939 creatures vanquished

Notes
Turn   | Place    | Note
-------+----------+-------------------------------------------
     0 | D:1      | billz999 the Armataur Warper began the quest for the Orb.
     0 | D:1      | Reached XP level 1. HP: 18/18 MP: 3/3
     0 | D:1      | Noticed a shadow dragon
     0 | D:1      | Noticed a large abomination
     1 | D:1      | Noticed a shadow dragon
     3 | D:1      | Noticed an iron dragon
     5 | D:1      | Noticed a large abomination
     7 | D:1      | Noticed a green draconian
     8 | D:1      | Noticed a tentacled monstrosity
    10 | D:1      | Noticed an iron dragon
    14 | D:1      | Noticed a shadow dragon
    14 | D:1      | Noticed a tentacled monstrosity
    14 | D:1      | Noticed an ice dragon
    16 | D:1      | Noticed a large abomination
    16 | D:1      | Noticed an iron dragon
    18 | D:1      | Noticed a shadow dragon
    20 | D:1      | Noticed an ice dragon
    76 | D:1      | Reached XP level 2. HP: 17/25 MP: 4/4
   311 | D:1      | Reached skill level 1 in Stealth
   529 | D:1      | Reached skill level 2 in Polearms
   676 | D:1      | Reached XP level 3. HP: 31/31 MP: 5/5
  1503 | D:2      | Found a sparkling altar of Nemelex Xobeh.
  1626 | D:2      | Learned a level 2 spell: Blink
  1629 | D:2      | Learned a level 2 spell: Poisonous Vapours
  2080 | D:3      | Reached XP level 4. HP: 34/38 MP: 4/6
  2738 | D:3      | Found a faded altar of an unknown god.
  2861 | D:4      | Noticed a black bear
  2910 | D:4      | Killed a black bear
  2911 | D:4      | Reached skill level 3 in Polearms
  2911 | D:4      | Reached skill level 1 in Air Magic
  2911 | D:4      | Reached skill level 1 in Poison Magic
  2911 | D:4      | Reached XP level 5. HP: 25/43 MP: 0/7
  3176 | D:4      | Noticed a black bear
  3187 | D:4      | Killed a black bear
  3188 | D:4      | Reached XP level 6. HP: 43/51 MP: 0/8
  3508 | D:4      | Found a sand-covered staircase.
  4010 | D:4      | Learned a level 3 spell: Vhi's Electric Charge
  4152 | D:5      | Entered Level 5 of the Dungeon
  4286 | D:5      | Noticed Grinder
  4292 | D:5      | Killed Grinder
  4293 | D:5      | Reached XP level 7. HP: 56/56 MP: 9/12
  4449 | D:5      | Learned a level 3 spell: Mephitic Cloud
  4454 | D:5      | Learned a level 4 spell: Manifold Assault
  4482 | D:5      | Noticed Edmund
  4490 | D:5      | Killed Edmund
  4570 | D:5      | Found a staircase to the Ecumenical Temple.
  4580 | Temple   | Entered the Ecumenical Temple
  4585 | Temple   | Became a worshipper of Hepliaklqana the Forgotten
  4615 | D:5      | Found Avyrroesikh's Magic Scroll Boutique.
  4903 | D:5      | Found Ysyanoaq's Weapon Boutique.
  4957 | D:5      | Found Jiohov's Assorted Antiques.
  4999 | D:5      | Found Yfyulabo's Weapon Shop.
  5248 | D:5      | Reached XP level 8. HP: 58/64 MP: 12/14
  5304 | D:5      | Found Xann's Distillery.
  5612 | D:6      | Reached skill level 5 in Air Magic
  5740 | D:6      | Upgraded the game from 0.30-a0-465-g8901f6c8b5 to
                  | 0.30-a0-469-g84de5afbc5
  6037 | D:6      | Reached * piety under Hepliaklqana
  6045 | D:6      | Noticed Prince Ribbit
  6057 | D:6      | Killed Prince Ribbit
  6874 | D:7      | Noticed Duvessa
  6874 | D:7      | Noticed Dowan
  6887 | D:7      | Killed Duvessa
  6893 | D:7      | Killed Dowan
  6894 | D:7      | Reached skill level 4 in Polearms
  7082 | D:7      | Reached XP level 9. HP: 64/64 MP: 13/15
  7166 | D:7      | Found a shimmering blue altar of Sif Muna.
  7394 | D:7      | Reached skill level 5 in Translocations
  7432 | D:7      | Found a transporter.
  7437 | D:7      | Noticed Maggie
  7449 | D:7      | Killed Maggie
  7480 | D:7      | Found a transporter.
  8119 | D:8      | Reached ** piety under Hepliaklqana
  8172 | D:8      | Identified the +0 long sword "Geroihuo" {antimagic, *Rage
                  | rN+ Dex+6}
  8882 | D:8      | Reached skill level 5 in Spellcasting
  9136 | D:9      | Reached XP level 10. HP: 74/75 MP: 7/17
  9157 | D:9      | Noticed a two-headed ogre
  9173 | D:9      | Killed a two-headed ogre
  9174 | D:9      | Reached skill level 5 in Fighting
  9231 | D:9      | Reached skill level 1 in Conjurations
  9403 | D:9      | Found a staircase to the Lair.
  9441 | D:9      | Reached skill level 5 in Conjurations
  9662 | D:9      | Reached XP level 11. HP: 85/85 MP: 6/19
  9744 | D:9      | Found a bloodstained altar of Trog.
  9744 | D:9      | Found a white marble altar of Elyvilon.
  9814 | D:10     | Entered Level 10 of the Dungeon
  9841 | Lair:1   | Entered Level 1 of the Lair of Beasts
  9841 | Lair:1   | Noticed Amaemon
  9853 | Lair:1   | Killed Amaemon
  9951 | Lair:1   | Identified the +1 chain mail of the Tangerine {Rampage rC++
                  | rCorr Stlth+}
  9984 | Lair:1   | Reached *** piety under Hepliaklqana
 10005 | Lair:1   | Found a dark tunnel.
 10071 | Volcano  | Entered a volcano
 10097 | Lair:1   | HP: 3/85 [molten gargoyle/+0 mace (5)]
 10158 | Lair:1   | Found a runed translucent door.
 10193 | Lair:1   | Learned a level 5 spell: Fireball
 10566 | Lair:1   | Reached skill level 1 in Staves
 10566 | Lair:1   | Reached skill level 1 in Fire Magic
 10658 | Lair:1   | Noticed Rijiq's ghost (journeyman GrEE)
 10660 | Lair:1   | Identified the +5 spear of the Coward {distort, rPois rC++
                  | Dex-3 Stlth+}
 11546 | Lair:2   | Found a staircase to the Snake Pit.
 12461 | Lair:2   | Noticed a five-headed hydra
 12637 | D:10     | Found Daamu's Assorted Antiques.
 12684 | D:10     | Reached skill level 5 in Fire Magic
 12945 | D:10     | Found a staircase to the Orcish Mines.
 13062 | D:10     | Reached **** piety under Hepliaklqana
 13272 | D:10     | Remembered your ancestor Laslo as a knight
 13575 | D:10     | Reached skill level 1 in Invocations
 13578 | D:10     | Reached XP level 12. HP: 82/91 MP: 15/20
 14089 | D:5      | Bought a scroll of acquirement for 676 gold pieces
 14089 | D:5      | Acquired a +8 bardiche of venom
 14382 | Lair:2   | Reached skill level 5 in Polearms
 15477 | Lair:3   | Noticed an eight-headed hydra
 16329 | Lair:3   | Killed a nine-headed hydra
 16647 | Lair:3   | Noticed themarg's ghost (journeyman DrCj)
 16656 | Lair:3   | Noticed a minotaur
 16656 | Lair:3   | Noticed a boulder beetle
 16782 | Lair:3   | Found a runed translucent gate.
 16782 | Lair:3   | Found a runed translucent gate.
 16782 | Lair:3   | Found a runed translucent gate.
 16832 | Lair:3   | Noticed Fannar
 16852 | Lair:3   | Killed Fannar
 17198 | Lair:3   | Found a staircase to the Swamp.
 18017 | Lair:4   | Noticed Sonja
 18021 | Lair:4   | Killed Sonja
 18645 | Lair:4   | Reached XP level 13. HP: 97/97 MP: 24/24
 18645 | Lair:4   | Found a viscous altar of Jiyva.
 18687 | Lair:4   | Found a staircase to the Slime Pits.
 18963 | Lair:4   | Reached ***** piety under Hepliaklqana
 19942 | Lair:4   | Reached skill level 10 in Fire Magic
 20722 | Lair:5   | Entered Level 5 of the Lair of Beasts
 21006 | Lair:5   | Noticed Urug
 21202 | Lair:5   | Killed Urug
 21402 | Lair:5   | Noticed a dire elephant
 21403 | Lair:5   | Noticed a dire elephant
 21891 | Lair:5   | Learned a level 6 spell: Starburst
 22347 | D:11     | Reached skill level 10 in Conjurations
 22689 | D:11     | Noticed Erolcha
 22696 | D:11     | Killed Erolcha
 23738 | D:11     | Acquired 563 gold pieces
 23815 | Orc:1    | Entered Level 1 of the Orcish Mines
 24200 | Orc:2    | Entered Level 2 of the Orcish Mines
 24601 | Orc:2    | Found Azohiss's Jewellery Emporium.
 24608 | Orc:2    | Found a staircase to the Elven Halls.
 24639 | Orc:2    | Found Onlesk's Assorted Antiques.
 24646 | Orc:2    | Found Noogg's Mayhem Merchandise.
 24832 | Orc:2    | Found Yrheus's Weapon Boutique.
 24955 | Orc:2    | Found Juc Gargh's Antique Weapon Emporium.
 25946 | Orc:2    | Found Areptivi's Book Boutique.
 25946 | Orc:2    | Found Haylil's Antique Armour Shoppe.
 25948 | Orc:2    | Found Uhothep's Weapon Emporium.
 25950 | Orc:2    | Found Lothruc's Magic Scroll Shop.
 25998 | Orc:2    | Found Tuipnan's Antique Weapon Boutique.
 26037 | Orc:2    | Bought the +10 glaive of Autumn {vorpal, rF+ Str+2} for
                  | 1246 gold pieces
 26772 | Orc:1    | Reached ****** piety under Hepliaklqana
 26777 | Orc:1    | Found a burning altar of Makhleb.
 26797 | Orc:1    | Reached skill level 6 in Polearms
 27499 | D:12     | Reached XP level 14. HP: 104/104 MP: 8/25
 27854 | D:12     | Identified the +1 robe "Zustus" {Dex+4 Archmagi}
 27940 | D:12     | Found a runed translucent gate.
 27940 | D:12     | Found a runed translucent gate.
 27940 | D:12     | Found a runed translucent gate.
 27943 | D:12     | Noticed p00ps00p's ghost (journeyman HOFi)
 28272 | D:13     | You fall into a shaft and drop 2 floors!
 28272 | D:15     | Entered Level 15 of the Dungeon
 28309 | D:15     | Reached skill level 7 in Polearms
 28951 | D:15     | Found a staircase to the Depths.
 29215 | D:14     | Noticed Rupert
 29220 | D:14     | Killed Rupert
 29666 | D:14     | Noticed Louise
 29676 | D:14     | Reached skill level 10 in Spellcasting
 29681 | D:14     | Noticed Lodul
 29734 | D:14     | Killed Lodul
 29800 | D:14     | Killed Louise
 29801 | D:14     | Reached skill level 8 in Polearms
 30250 | D:14     | Reached skill level 9 in Polearms
 30422 | D:14     | Found a gate to the Vaults.
 30426 | D:14     | Reached XP level 15. HP: 96/114 MP: 15/29
 30918 | D:13     | Noticed Azrael
 31094 | D:15     | Learned a level 5 spell: Irradiate
 31225 | D:13     | Reached skill level 1 in Transmutations
 31314 | D:13     | Noticed Snorg
 31318 | D:13     | Killed Snorg
 31441 | D:13     | Killed Azrael
 31826 | D:13     | Reached skill level 10 in Polearms
 33506 | Lair:5   | Identified the +7 quarterstaff of the Forest {vorpal, Will+
                  | rCorr Str+5}
 33867 | Swamp:1  | Entered Level 1 of the Swamp
 34796 | Swamp:2  | Reached skill level 11 in Polearms
 34915 | Swamp:2  | Reached XP level 16. HP: 126/126 MP: 14/30
 36013 | Swamp:3  | Reached skill level 12 in Polearms
 36290 | Swamp:3  | Identified the +1 pair of gloves of Privacy {Harm rC++ rN+}
 36755 | Snake:1  | Entered Level 1 of the Snake Pit
 37461 | Snake:1  | Reached skill level 13 in Polearms
 37819 | Snake:1  | You fall into a shaft and drop 1 floor!
 37825 | Snake:2  | Shot with a bolt by a naga sharpshooter

Illustrated notes

Levels and vault maps discovered:
D:1:      shiori_arrival_whats_in_store_for_you, layout_basic
D:2:      layout_loops_ring, serial_forest, infiniplex_forest_clump_long,
          infiniplex_forest_clump_curved, infiniplex_forest_fountain,
          infiniplex_forest_lined_room_2, infiniplex_forest_side_room,
          infiniplex_forest_lined_3, basic_altar, roderic_serpentine_path,
          chequers_serial_rivers_small_3, grunt_ministairs_10,
          minmay_lizard_pond
D:3:      layout_rooms, hellmonk_ecumenical_altar_leap_of_faith,
          grunt_ministairs_7, reono_crystal_passage
D:4:      layout_loops_corners, enter_ossuary_1,
          nicolae_kite_square_tiling_tiny, supply_closet_lemuel
D:5:      layout_basic, minmay_temple_entry_purple_smoke, serial_corexii_hall,
          chequers_hall_statues_wall_a, corexii_hall_statues_l,
          corexii_hall_statues_i, chequers_hall_statues_wall_a, serial_shops,
          kennysheep_mini, shop, nicolae_stop_n_shop_1, shop, shop, uniq_edmund,
          uniq_grinder
D:6:      layout_layer_cave, uniq_prince_ribbit1
D:7:      gammafunk_steamed_eel, layout_loops_ring, kennysheep_orc_sif_temple,
          uniq_duvessa, uniq_maggie
D:8:      layout_loops_corners
D:9:      layout_rooms, gammafunk_temple_overflow_pools, lair_entry_dummy,
          dreamdust_gnoll_shepherd
D:10:     layout_roguey, orc_0_dummy, serial_shops, nicolae_shop_waterfront
D:11:     layout_basic, uniq_erolcha
D:12:     layout_rooms, gammafunk_ghost_hydra_chop,
          minmay_fractal_squares_gapless_5
D:13:     layout_rooms, uniq_azrael, uniq_snorg
D:14:     layout_layer_cave, lightli_vaults_fourway_checkpoint,
          chequers_serial_rivers_micro_b, serial_bayou_crossing, uniq_louise,
          uniq_lodul, uniq_rupert
D:15:     hangedman_depths_entry_civil_slaughter, layout_rooms
Temple:   nicolae_temple_bog_church
Lair:1:   layout_gridlike, ebering_ghost_funeral_grove,
          nicolae_volcano_entry_two_sided, uniq_amaemon
Lair:2:   lemuel_slime, layout_cave_pods, minmay_snake_entry_guardpost_small,
          evilmike_ambush [evilmike_ambush_outer_pillars,
          evilmike_ambush_inner_basic]
Lair:3:   layout_small_grid, nicolae_swamp_entry_splash_gauntlet,
          maelrawn_ghost_gauntlet_escape, uniq_fannar
Lair:4:   layout_regular_city, slime_entry_1, serial_bayou_shore_b,
          grunt_megastairs_4, uniq_sonja
Lair:5:   due_jungle_book, layout_long_grid, grunt_megastairs_3, uniq_urug
Swamp:1:  layout_falls_marsh, evilmike_swamp_ruin_house_2,
          infiniplex_staircase_pool
Swamp:2:  layout_basic_swamp, evilmike_swamp_ruin_house_5,
          infiniplex_staircase_pool_2
Swamp:3:  layout_basic_swamp, serial_swamp_ruin, evilmike_swamp_ruin_house_3,
          evilmike_swamp_ruin_house_4, evilmike_swamp_ruin_rubble_2
Snake:1:  layout_onion_interference, minmay_shoptagon
Snake:2:  layout_onion_interference
Orc:1:    layout_diamond_mine, basic_altar
Orc:2:    st_orc_rangers, layout_diamond_mine, serial_shops, shop, shop, shop,
          shop, shop, minmay_shop_mayhem

Skill      XL: |  1  2  3  4  5  6  7  8  9 10 11 12 13 14 15 16 |
---------------+-------------------------------------------------+-----
Stealth        | 1 |  1.9
Armour         | 2 4 |  4.0
Polearms       | 2 3 4 5 6 9 11 13 | 13.2
Dodging        | 2 |  2.0
Air Magic      | 1 2 4 7 |  7.2
Poison Magic   | 1 2 |  2.2
Spellcasting   | 3 4 5 7 10 | 10.0
Translocations | 4 7 |  7.0
Fighting       | 2 4 5 7 8 |  8.9
Conjurations   | 6 8 11 | 11.5
Staves         | 2 3 |  3.2
Fire Magic     | 7 9 11 12 | 12.0
Invocations    | 1 2 |  2.0
Transmutations | 4 |  4.0
Throwing       | |  0.8

Action                   |  1- 3 |  4- 6 |  7- 9 | 10-12 | 13-15 | 16-18 || total
-------------------------+-------+-------+-------+-------+-------+-------++-------
Melee: Spear             |   186 |     9 |    24 |       |       |       ||   219
       Tailslap          |    10 |     3 |    21 |    16 |    13 |     3 ||    66
       Glaive            |       |    55 |   114 |   161 |   259 |    87 ||   676
       Halberd           |       |     7 |   108 |       |       |       ||   115
       Hand axe          |       |       |       |    48 |       |       ||    48
       Bardiche          |       |       |       |    66 |   165 |       ||   231
       Quarterstaff      |       |       |       |       |    40 |       ||    40
Throw: Boomerang         |       |       |     1 |       |       |       ||     1
 Cast: Blink             |     3 |     6 |     1 |     9 |     6 |       ||    25
       Poisonous Vapours |       |    29 |    85 |   151 |   151 |     4 ||   420
       Vhi's Electric Ch |       |       |     8 |     4 |    11 |       ||    23
       Mephitic Cloud    |       |       |     7 |    25 |    37 |     1 ||    70
       Manifold Assault  |       |       |     5 |    37 |   165 |    51 ||   258
       Fireball          |       |       |       |    50 |   146 |    42 ||   238
       Starburst         |       |       |       |       |    74 |    10 ||    84
       Irradiate         |       |       |       |       |     5 |     3 ||     8
Invok: Ancestor Life: Kn |       |       |       |     1 |       |       ||     1
       Recall Ancestor   |       |       |       |     3 |     4 |     2 ||     9
       Idealise          |       |       |       |       |       |     2 ||     2
Evoke: Wand              |       |     1 |    23 |    23 |    16 |     2 ||    65
  Use: Scroll            |       |     3 |     9 |     5 |    14 |       ||    31
       Potion            |       |     1 |       |     3 |    12 |     1 ||    17
 Stab: Sleeping          |     3 |       |       |       |       |       ||     3
       Paralysed         |       |     4 |       |     3 |       |       ||     7
       Confused          |       |       |       |     5 |     4 |       ||     9
       Distracted        |       |       |       |     4 |       |       ||     4
Armor: Leather armour    |    33 |     7 |    10 |    52 |    59 |       ||   161
       Troll leather arm |       |    47 |    74 |    14 |       |       ||   135
       Scale mail        |       |       |       |     7 |       |       ||     7
       Robe              |       |       |       |       |    17 |    11 ||    28
Dodge: Dodged            |    80 |    75 |   117 |   115 |   107 |    19 ||   513

Table legend: (Time is in decaauts)
 A = Elapsed time spent in this place.
 B = Non-inter-level travel time spent in this place.
 C = Inter-level travel time spent in this place.
 D = Time resting spent in this place.
 E = Time spent auto-exploring this place.
 F = Levels seen in this place.
 G = Mean time per level.
                   A        B        C        D        E       F      G
               +--------+--------+--------+--------+--------+-----+--------+
         Total |  38273 |  35792 |   2481 |  10370 |  20453 |  29 | 1319.8 |
       Dungeon |  18661 |  17459 |   1202 |   2063 |  12723 |  15 | 1244.1 |
        Temple |     10 |      2 |      8 |      0 |      0 |   1 |   10.0 |
          Lair |  12967 |  11951 |   1016 |   4987 |   5539 |   5 | 2593.4 |
         Swamp |   2859 |   2738 |    121 |   1153 |   1262 |   3 |  953.0 |
     Snake Pit |    584 |    583 |      1 |    302 |    166 |   2 |  292.0 |
  Orcish Mines |   3169 |   3039 |    130 |   1864 |    761 |   2 | 1584.5 |
       Volcano |     20 |     20 |      0 |      0 |      2 |   1 |   20.0 |
               +--------+--------+--------+--------+--------+-----+--------+

Top non-repeatable levels by time:
  Lair:2: 3182 daAuts
  Lair:3: 2911 daAuts
  Lair:5: 2716 daAuts
  Lair:4: 2221 daAuts
  Lair:1: 1935 daAuts
    D:14: 1804 daAuts
   Orc:2: 1726 daAuts
    D:11: 1616 daAuts
    D:10: 1537 daAuts
     D:6: 1485 daAuts
   Orc:1: 1443 daAuts
     D:5: 1392 daAuts
     D:4: 1385 daAuts
    D:12: 1203 daAuts
     D:7: 1195 daAuts
